 Dungeon Crawl Stone Soup version 0.30-a0-867-g305f33218d (webtiles) character file.

Game seed: 137378506284954468

779 Monkooky the Cudgeller (level 7, -5/46 HPs)
             Began as a Mummy Conjurer on Mar 10, 2023.
             Was a Priest of Nemelex Xobeh.
             Slain by an ogre
             ... wielding a +0 giant spiked club
              (19 damage)
             ... on level 5 of the Dungeon.
             The game lasted 00:11:27 (4286 turns).

Monkooky the Cudgeller (Mummy Conjurer)             Turns: 4286, Time: 00:11:27

Health: -5/46      AC:  9    Str: 10    XL:     7   Next: 54%
Magic:  12/12      EV: 10    Int: 26    God:    Nemelex Xobeh [***...]
Gold:   250        SH:  0    Dex: 10    Spells: 10/13 levels left

rFire   x . .      SeeInvis .    r - +6 shillelagh "Devastator" {shatter}
rCold   + . .      Faith    +    (no shield)
rNeg    + + +      Spirit   .    s - +2 ring mail "Gacug" {+Blink Int+6}
rPois   ∞          Reflect  .    k - +0 helmet
rElec   .          Rampage  .    (no cloak)
rCorr   .                        (no gloves)
Will    .....                    b - +0 pair of boots
Stlth   +                        (no amulet)
HPRegen 0.27/turn                (no ring)
MPRegen 0.13/turn                (no ring)

@: no status effects
A: cold resistance 1, negative energy resistance 3, torment resistance 2, heat
vulnerability 1, in touch with death 1, no potions, faith
a: Renounce Religion, Evoke Blink, Draw Escape, Draw Destruction, Draw
Summoning, Triple Draw


You were on level 5 of the Dungeon.
You worshipped Nemelex Xobeh.
Nemelex Xobeh was most pleased with you.
You visited 1 branch of the dungeon, and saw 5 of its levels.

You collected 250 gold pieces.

Inventory:

Hand Weapons
 d - a +0 whip
 l - a +1 quarterstaff
 n - the +3 spear of the Piercing Visionary {freeze, rF+ rCorr SInv}
   (You found it on level 4 of the Dungeon)

   rF:        It protects you from fire.
   SInv:      It lets you see invisible.
   rCorr:     It protects you from acid and corrosion.
 r - the +6 shillelagh "Devastator" (weapon) {shatter}
   (You found it on level 4 of the Dungeon)
Missiles
 f - 12 poisoned darts
 p - a throwing net
Armour
 a - a +0 robe
 b - a +0 pair of boots (worn)
 k - a +0 helmet (worn)
 s - the +2 ring mail "Gacug" (worn) {+Blink Int+6}
   (You found it on level 4 of the Dungeon)

   Int:       It affects your intelligence (+6).
   +Blink:    It lets you blink.
Wands
 h - a wand of iceblast (6)
 o - a wand of charming (11)
Scrolls
 c - a scroll of enchant weapon
 e - a scroll of vulnerability
 g - a scroll of fear
 i - a scroll of teleportation
 j - 2 scrolls of enchant armour {unknown}
 m - 2 scrolls of immolation {unknown}
 q - 2 scrolls of fog {unknown}
 t - a scroll of identify {unknown}


   Skills:
 + Level 5.0 Maces & Flails
 - Level 1.5 Dodging
 - Level 1.5 Stealth
 - Level 3.7 Spellcasting
 - Level 3.3 Conjurations
 - Level 4.4 Invocations


You had 10 spell levels left.
You knew the following spells:

 Your Spells              Type           Power      Damage    Failure   Level
a - Magic Dart            Conj           88%        1d7       6%          1
b - Searing Ray           Conj           44%        2d6       9%          2

Your spell library contained the following spells:

 Spells                   Type           Power      Damage    Failure   Level
 Apportation              Tloc           8%         N/A       22%         1
 Necrotise                Necr           28%        1d5       22%         1
 Summon Small Mammal      Summ           16%        N/A       22%         1
 Dazzling Flash           Conj/Hex       26%        N/A       34%         3
 Fulminant Prism          Conj/Hex       6%         3d7       75%         4
 Iskenderun's Mystic Bla  Conj/Tloc      13%        2d5       75%         4
 Leda's Liquefaction      Hex/Erth       2%         N/A       92%         4
 Lee's Rapid Deconstruct  Erth           2%         3d4*      99%         5
 Statue Form              Tmut/Erth      Unusable   N/A       N/A         6

Dungeon Overview and Level Annotations

Branches:
Dungeon (5/15)
 Temple: D:4-7

Altars:
Nemelex Xobeh

Portals:
Sewer: D:5


Innate Abilities, Weirdness & Mutations

You are immune to poison.
Your flesh is cold resistant. (rC+)
You are immune to negative energy. (rN+++)
You are immune to unholy pain and torment.
You are vulnerable to heat. (rF-)
You are in touch with the powers of death.
You do not drink.
You have a special connection with the divine. (Faith)


Message History

You see here a scroll labelled SUHEMO BATS.
q - 2 scrolls labelled SUHEMO BATS (gained 1)
You closely miss the adder.
The adder bites you but does no damage. x2
You closely miss the adder. The adder closely misses you.
You hit the adder.
The adder shudders.
You kill the adder!
You hear the slow rusting of a drain nearby.
There is a stone staircase leading down here.
An orc comes into view. It is wielding a +1 heavy hand axe.
The orc shouts!
An orc is nearby!
There is an open door here.
You sock the orc!
You kill the orc!
Found 13 gold pieces.
Found a glowing drain.
Found 13 gold pieces.
You enter the shallow water.
Moving in this stuff is going to be slow.
A ball python and a worm come into view.
An ogre comes into view. It is wielding a +0 giant spiked club.
The ogre shouts!
The ogre moves out of view.
The ball python bites you but does no damage.
The ball python grabs you. The ball python constricts you.
The ball python bites you but does no damage.
The ball python constricts you.
You hit the ball python.
You kill the ball python!
There is a glowing drain here.
You barely miss the ogre.
The ogre hits you with a +0 giant spiked club!!
Ouch! That really hurt!
You sock the ogre!
The ogre and the worm shudder.
The ogre is almost dead.
The worm is moderately wounded.
The ogre is almost dead.
The worm bites you.
The ogre hits you with a +0 giant spiked club!!
You die...
Your body glows slightly and disappears.

##......#
#######.......#
..............#
.....#~.~#....#
.....~~~~~....#
...#~~~~~~~#..#
....~~~w~~~....
.....~~~@O~~....
.....~~~~~~~..$$
...#~~~~~~~#...
.....~~~~~.....
###..#...#..#.........#
###.......##.........#
#......###...........#
.#####......#
.##........#
............#
..#........#


You could see an ogre and a worm.

Vanquished Creatures
  A troll (D:5)
  2 ogres (D:4)
  A scorpion (D:4)
  2 orc priests
  A jelly (D:4)
  An iguana (D:5)
  Natasha (twice) (D:4)
  Terence (D:2)
  4 gnolls (D:3)
  3 adders
  3 worms
  2 dart slugs
  9 orcs
  4 bats
  3 endoplasms
  4 giant cockroaches
  7 goblins
  3 hobgoblins
  10 jackals
  4 kobolds
  4 quokkas
  4 ball pythons
  3 frilled lizards
  3 rats
81 creatures vanquished.

Notes
Turn   | Place    | Note
-------+----------+-------------------------------------------
     0 | D:1      | Monkooky the Mummy Conjurer began the quest for the Orb.
     0 | D:1      | Reached XP level 1. HP: 13/13 MP: 4/4
   322 | D:1      | Reached XP level 2. HP: 18/19 MP: 0/6
   325 | D:1      | Learned a level 2 spell: Searing Ray
   714 | D:1      | Found a faded altar of an unknown god.
   758 | D:1      | Prayed at the altar of an unknown god.
   758 | D:1      | Became a worshipper of Nemelex Xobeh the Trickster
   758 | D:1      | Reached * piety under Nemelex Xobeh
   898 | D:1      | Received a gift from Nemelex Xobeh
  1127 | D:2      | Reached skill level 1 in Invocations
  1211 | D:2      | Gained mutation: You are in touch with the powers of death.
                  | [Mummy growth]
  1211 | D:2      | Reached XP level 3. HP: 24/24 MP: 4/8
  1420 | D:2      | Noticed Terence
  1540 | D:2      | Killed Terence
  2044 | D:3      | Reached XP level 4. HP: 30/30 MP: 4/9
  2287 | D:3      | Reached ** piety under Nemelex Xobeh
  2575 | D:3      | Received a gift from Nemelex Xobeh
  2626 | D:3      | Reached XP level 5. HP: 29/35 MP: 1/10
  3186 | D:4      | Identified the +3 spear of the Piercing Visionary {freeze,
                  | rF+ rCorr SInv}
  3487 | D:4      | Noticed Natasha
  3493 | D:4      | Killed Natasha
  3570 | D:4      | Found the +6 shillelagh "Devastator" {shatter}
  3572 | D:4      | Noticed an ogre
  3572 | D:4      | Noticed an ogre
  3658 | D:4      | Reached skill level 1 in Maces & Flails
  3658 | D:4      | Reached XP level 6. HP: 40/41 MP: 5/11
  3753 | D:4      | Reached skill level 2 in Maces & Flails
  3857 | D:4      | Identified the +2 ring mail "Gacug" {+Blink Int+6}
  3927 | D:4      | Reached skill level 3 in Maces & Flails
  4031 | D:4      | Received a gift from Nemelex Xobeh
  4115 | D:4      | Noticed Natasha
  4117 | D:4      | Killed Natasha
  4166 | D:5      | Entered Level 5 of the Dungeon
  4167 | D:5      | Noticed a troll
  4174 | D:5      | Killed a troll
  4175 | D:5      | Reached skill level 4 in Maces & Flails
  4175 | D:5      | Reached XP level 7. HP: 37/46 MP: 9/12
  4181 | D:5      | Reached skill level 5 in Maces & Flails
  4246 | D:5      | Reached *** piety under Nemelex Xobeh
  4276 | D:5      | Found a glowing drain.
  4286 | D:5      | Slain by an ogre

Illustrated notes

Levels and vault maps discovered:
D:1:      dpeg_arrival_rooms_a, layout_basic,
          shapermc_ecumenical_altar_mp_highgroup, minmay_tromino_mix6
D:2:      kennysheep_six_static_rooms, layout_rooms, uniq_terence
D:3:      layout_loops_ring, chequers_serial_rivers_micro_a
D:4:      layout_gridville, dilly_guarded_unrand_devastator, uniq_natasha
D:5:      layout_basic, mainiacjoe_overflow_tiny_flanked,
          nicolae_ru_sacrificial_ziggurat, cheibrodos_sewer_entry_drain,
          minmay_fire_ice_demons

Skill      XL: |  1  2  3  4  5  6  7 |
---------------+----------------------+-----
Spellcasting   | 3 |  3.7
Invocations    | 1 2 3 4 |  4.4
Maces & Flails | 1 4 5 |  5.0
Dodging        | |  1.5
Stealth        | |  1.5
Conjurations   | |  3.3

Action                     |  1- 3 |  4- 6 |  7- 9 || total
---------------------------+-------+-------+-------++-------
  Melee: Unarmed           |     5 |       |       ||     5
         Whip              |    30 |       |       ||    30
         Punch             |     1 |       |       ||     1
         Quarterstaff      |       |     8 |       ||     8
         Shillelagh        |       |     7 |    13 ||    20
   Cast: Magic Dart        |    16 |       |       ||    16
         Searing Ray       |    22 |    26 |       ||    48
 Invoke: Draw Escape       |       |     3 |       ||     3
         Draw Destruction  |       |     2 |       ||     2
    Use: Scroll            |       |     4 |       ||     4
 Armour: Robe              |     7 |     4 |       ||    11
         Ring mail         |       |     3 |     5 ||     8
  Dodge: Dodged            |    20 |    18 |     4 ||    42

Table legend: (Time is in decaauts)
 A = Elapsed time spent in this place.
 B = Non-inter-level travel time spent in this place.
 C = Inter-level travel time spent in this place.
 D = Time resting spent in this place.
 E = Time spent auto-exploring this place.
 F = Levels seen in this place.
 G = Mean time per level.
                   A        B        C        D        E       F      G
               +--------+--------+--------+--------+--------+-----+--------+
         Total |   4299 |   4043 |    256 |     98 |   3364 |   5 |  859.8 |
       Dungeon |   4299 |   4043 |    256 |     98 |   3364 |   5 |  859.8 |
               +--------+--------+--------+--------+--------+-----+--------+

Top non-repeatable levels by time:
     D:3: 1158 daAuts
     D:1: 1049 daAuts
     D:4: 1025 daAuts
     D:2: 942 daAuts
     D:5: 122 daAuts
